 Dungeon Crawl Stone Soup version 0.23-a0-298-g1df1716405 (webtiles) character file.

130 Kublaii the Digger (level 5, -2/30 HPs)
             Began as a Gargoyle Earth Elementalist on Oct 6, 2018.
             Slain by Sigmund
             ... wielding a +0 scythe
              (5 damage)
             ... on level 3 of the Dungeon.
             The game lasted 00:13:17 (1852 turns).

Kublaii the Digger (Gargoyle Earth Elementalist)    Turns: 1852, Time: 00:13:18

Health: -2/30      AC:  7    Str: 13    XL:     5   Next: 14%
Magic:  4/9        EV: 17    Int: 17    God:
Gold:   70         SH:  0    Dex: 13    Spells: 4/10 levels left

rFire    . . .     SeeInvis .   g - +0 dagger (curse)
rCold    . . .     Gourm    .   (no shield)
rNeg     + . .     Faith    .   c - +0 robe
rPois    ∞         Spirit   .   (no helmet)
rElec    +         Reflect  .   (no cloak)
rCorr    .         Harm     .   (no gloves)
MR       .....                  (no boots)
Stlth    +++.......             (no amulet)
HPRegen  0.10/turn              a - ring of wizardry
MPRegen  0.11/turn              (no ring)

@: agile
A: rugged brown scales 1, clumsy 1, negative energy resistance 1, electricity
resistance, strong 1, unbreathing, petrification resistance, rot immunity, AC +4
a: no special abilities


You were on level 3 of the Dungeon.
You were not hungry.

You visited 1 branch of the dungeon, and saw 3 of its levels.

You collected 70 gold pieces.

Inventory:

Hand Weapons
 e - a +0 short sword
 g - a cursed +0 dagger (weapon)
 k - a +0 hunting sling
 n - a cursed -3 hand axe
Missiles
 b - 37 stones (quivered)
 i - 20 bolts
 j - 17 sling bullets
 m - 17 arrows
Armour
 c - a +0 robe (worn)
Jewellery
 a - a ring of wizardry (left hand)
Comestibles
 d - 4 rations
 f - 4 chunks of flesh


   Skills:
 + Level 1.8 Fighting
 - Level 1.5 Dodging
 - Level 2.1 Stealth
 - Level 3.0 Spellcasting
 + Level 1.8 Conjurations
 - Level 0.7 Transmutations
 - Level 5.0 Earth Magic


You had 4 spell levels left.
You knew the following spells:

 Your Spells              Type           Power        Failure   Level  Hunger
a - Sandblast             Erth           ###...       1%          1    None
b - Passwall              Tmut/Erth      ##......     3%          2    ##.....
c - Stone Arrow           Conj/Erth      ##....       5%          3    ###....

Your spell library contained the following spells:

 Spells                   Type           Power        Failure   Level  Hunger
 Petrify                  Tmut/Erth      ##......     21%         4    ####...
 Lee's Rapid Deconstruct  Erth           ###.......   24%         5    ######.


Dungeon Overview and Level Annotations

Branches:
Dungeon (3/15)

Altars:
Qazlal
Uskayaw

Annotations:
D:3 Jessica, Sigmund


Innate Abilities, Weirdness & Mutations

You are resistant to torment.
Your stone body is resilient. (AC +4)
You are immune to poison.
You resist negative energy. (rN+)
You are resistant to electric shocks. (rElec)
You can survive without breathing.
You are immune to petrification.
You are immune to rotting.
You are partially covered in rugged brown scales. (AC +1, +3% HP)
You are clumsy. (Dex -2)
Your muscles are strong. (Str +2)


Message History

Casting: Sandblast (safe; 1% risk of failure)
Confirm with . or Enter, or press ? or * to list all spells.
Aiming: Passwall (safe; 3% risk of failure)
Press: ? - help, Dir - move target cursor, p - Jessica
There is no adjacent passable wall in that direction.
There is no adjacent passable wall in that direction.
Okay, then.
Unknown command.
Unknown command.
Casting: Passwall (safe; 3% risk of failure)
Confirm with . or Enter, or press ? or * to list all spells.
Aiming: Passwall (safe; 3% risk of failure)
Press: ? - help, Dir - move target cursor, p - Jessica A rock wall.
The orc closely misses you.
You begin to meditate on the wall.
You continue meditating on the rock.
The orc misses you. Something barely misses you.
You continue meditating on the rock.
The orc closely misses you. Something hits you.
You die...

#.#####.### #.# ##.##
#.# #...#########
####.####.#..........
#...#..........#####.
#.##.########### #.
#.# #. #o# #. #@# #.
#.# .. #.# .# #.# #@#
#.. #.. #..


You could see Jessica and an orc.

Vanquished Creatures
  6 adders
  3 oozes
  3 worms (D:2)
  A leopard gecko (D:2)
  3 orcs (D:3)
  A ball python (D:2)
  2 giant cockroaches
  4 goblins (D:1)
  4 hobgoblins
  4 jackals (D:3)
  3 quokkas (D:2)
  3 bats
  A frilled lizard (D:1)
  7 kobolds
  6 rats
51 creatures vanquished.

Notes
Turn   | Place    | Note
-------+----------+-------------------------------------------
     0 | D:1      | Kublaii the Gargoyle Earth Elementalist began the quest for
                  | the Orb.
     0 | D:1      | Reached XP level 1. HP: 10/10 MP: 3/3
     6 | D:1      | Noticed a polar bear
     6 | D:1      | Noticed a rime drake
     6 | D:1      | Noticed a hound
     6 | D:1      | Noticed an anaconda
   215 | D:1      | Reached skill level 4 in Earth Magic
   215 | D:1      | Reached XP level 2. HP: 15/15 MP: 1/5
   220 | D:1      | Learned a level 2 spell: Passwall
   817 | D:2      | Reached XP level 3. HP: 8/19 MP: 2/7
   822 | D:2      | Learned a level 3 spell: Stone Arrow
  1061 | D:2      | Reached XP level 4. HP: 7/24 MP: 2/8
  1145 | D:2      | Reached skill level 5 in Earth Magic
  1358 | D:2      | Found a stormy altar of Qazlal.
  1364 | D:2      | Reached skill level 1 in Conjurations
  1375 | D:2      | Found a hide-covered altar of Uskayaw.
  1488 | D:2      | Reached skill level 1 in Fighting
  1674 | D:3      | Gained mutation: Your muscles are strong. (Str +2) [potion
                  | of mutation]
  1674 | D:3      | Gained mutation: You are clumsy. (Dex -2) [potion of
                  | mutation]
  1674 | D:3      | Gained mutation: You are partially covered in rugged brown
                  | scales. (AC +1, +3% HP) [potion of mutation]
  1727 | D:3      | Reached XP level 5. HP: 22/29 MP: 5/9
  1833 | D:3      | Noticed Sigmund
  1844 | D:3      | Noticed Jessica
  1852 | D:3      | Slain by Sigmund

Vault maps used:
D:1:      onia_arrival_zoo_common
D:2:      amethyst_overflow_temple_binary, first_ration
D:3:      uniq_jessica, uniq_grinder, uniq_sigmund

Skill      XL: |  1  2  3  4 |
---------------+-------------+-----
Earth Magic    | 4 5 |  5.0
Spellcasting   | 3 |  3.0
Conjurations   | 1 |  1.8
Fighting       | 1 |  1.8
Dodging        | |  1.5
Stealth        | |  2.1
Transmutations | |  0.7

Action                   |  1- 3 |  4- 6 || total
-------------------------+-------+-------++-------
Melee: Unarmed           |    18 |       ||    18
       Dagger            |    25 |    71 ||    96
 Cast: Sandblast         |    30 |    32 ||    62
       Passwall          |       |     1 ||     1
  Use: Scroll            |     2 |     2 ||     4
       Potion            |       |     3 ||     3
 Stab: Sleeping          |     4 |     4 ||     8
  Eat: Chunk             |       |     3 ||     3
Armor: Robe              |    12 |    29 ||    41
Dodge: Dodged            |    31 |    62 ||    93

Table legend:
 A = Non-vault XP
 B = Vault XP
 C = Vault XP percentage of total XP
 D = Non-vault monster count
 E = Vault monster count
 F = Vault count percentage of total count
                 A         B        C        D         E       F
            +---------+---------+-------+---------+---------+-------
      Total |     187 |       0 |   0.0 |      51 |       0 |   0.0
            +---------+---------+-------+---------+---------+-------
        D:1 |      24 |       0 |   0.0 |      16 |       0 |   0.0
        D:2 |     109 |       0 |   0.0 |      23 |       0 |   0.0
        D:3 |      54 |       0 |   0.0 |      12 |       0 |   0.0
            +---------+---------+-------+---------+---------+-------
